 Dungeon Crawl Stone Soup version 0.20.1-1-g8b1a95d (webtiles) character file.

1736 KrisztiCat the Basher (level 8, 0/67 HPs)
             Began as a Minotaur Berserker on Nov 12, 2017.
             Was an Elder of Trog.
             Slain by an orc warrior
             ... wielding a +0 halberd
              (20 damage)
             ... in a bailey.
             The game lasted 00:28:07 (4285 turns).

KrisztiCat the Basher (Minotaur Berserker)          Turns: 4285, Time: 00:28:08

Health: 0/67       AC:  9    Str: 23    XL:     8   Next: 76%
Magic:  7/7        EV: 11    Int:  6    God:    Trog [****..]
Gold:   286        SH:  0    Dex:  9    Spells: 7/7 levels left

rFire    . . .     SeeInvis .   a - +2 mace (protect)
rCold    . . .     Gourm    .   (no shield)
rNeg     . . .     Faith    .   n - +0 scale mail
rPois    .         Spirit   .   (helmet restricted)
rElec    .         Reflect  .   C - +1 cloak
rCorr    .         Harm     .   (no gloves)
MR       .....                  (no boots)
Stlth    +.........             (no amulet)
Regen    0.3/turn               u - ring of stealth
MPRegen  0.1/turn               (no ring)

@: invisible
A: retaliatory headbutt, horns 2
a: Berserk, Trog's Hand, Brothers in Arms, Burn Spellbooks, Renounce Religion


You were in a bailey.
You worshipped Trog.
Trog was greatly pleased with you.
You were not hungry.

You visited 1 branch of the dungeon, and saw 7 of its levels.
You also visited: Ossuary and Bailey.

You collected 286 gold pieces.

Inventory:

Hand Weapons
 a - a +2 mace of protection (weapon)
 m - a +2 mace of holy wrath
Armour
 n - a +0 scale mail (worn)
 C - a +1 cloak (worn)
Jewellery
 q - a +6 ring of dexterity {unknown}
 u - a ring of stealth (left hand)
Wands
 y - a wand of enslavement (8/24)
Scrolls
 d - 2 scrolls of identify
 e - a scroll of recharging
 h - 3 scrolls of enchant weapon
 l - a scroll of immolation
 t - 4 scrolls of remove curse
 A - 2 scrolls of enchant armour
 D - 3 scrolls of teleportation
 G - a scroll of holy word {unknown}
Potions
 i - a potion of degeneration {unknown}
 j - 3 potions of mutation
 o - a potion of might
 s - a potion of heal wounds {unknown}
 v - a potion of cancellation {unknown}
 w - a potion of berserk rage {unknown}
 z - 5 potions of curing
 B - a potion of flight {unknown}
 E - a potion of agility {unknown}
Comestibles
 b - 5 chunks of flesh
 c - 4 bread rations
 g - 12 fruits
 k - a meat ration
 p - 2 royal jellies


   Skills:
 - Level 4.8 Fighting
   Level 4.6 Long Blades
 + Level 11.8 Maces & Flails
 - Level 3.6 Armour
 - Level 3.2 Dodging


You had 7 spell levels left.
You didn't know any spells.

Dungeon Overview and Level Annotations

Branches:
Dungeon (7/15)             Temple (0/1) D:4

Altars:
Ashenzari
Elyvilon
Hepliaklqana
Qazlal
Zin

Shops:
D:5 [


Innate Abilities, Weirdness & Mutations

You reflexively headbutt those who attack you in melee.
You have a pair of horns on your head.


Message History

The orc warrior shoots a bolt.
The bolt hits you.
You see here a bolt.
The orc warrior shoots a bolt.
The bolt hits you!!
The orc knight roars a battlecry!
The orcs go into a battle-frenzy!
You see here a bolt.
The orc warrior hits you from afar with a halberd!
As you read the scroll labeled GEP WICHOCWAN, it crumbles to dust.
It is a scroll of amnesia.
You feel forgetful for a moment.
As you read the scroll labeled ROITZUBROYL, it crumbles to dust.
You hear a loud clanging noise!
It was a scroll of noise.
You hear a shout! x5
The orc warrior hits you from afar with a halberd.
* * * LOW HITPOINT WARNING * * *
It was a potion of invisibility.
You fade into invisibility!
The orc warrior hits you from afar with a halberd!!
You die...

### ###### ##∩##
##.....##.∩.# ...
#..≈≈≈..#.(.#..≈≈
#.≈≈o≈≈..(....≈≈o≈
+.≈ooo≈.(.....≈ooo
#.≈≈o≈≈@......≈≈o≈
#..≈≈≈..#...#..≈≈≈
##.....##...##....
###### ##∩## ####
###


You could see an orc knight, 3 orc warriors and an orc.

Vanquished Creatures
  Prince Ribbit (D:7)
  Edmund (D:6)
  2 phantoms (D:5)
  3 ogres
  A water moccasin zombie (Ossuary)
  A scorpion (D:5)
  A water moccasin skeleton (D:5)
  7 orc priests
  A hound (D:4)
  7 orc wizards
  Ijyb (D:3)
  Natasha (D:3)
  2 worker ants
  2 big kobold zombies (Ossuary)
  A worker ant zombie (D:5)
  8 adders
  A shadow imp (D:7)
  An ooze (D:4)
  An adder skeleton (D:6)
  7 adder zombies
  6 worms
  4 dart slugs
  4 leopard geckos
  23 orcs
  2 ball pythons
  4 giant cockroaches
  A gnoll zombie (Ossuary)
  10 goblins
  5 hobgoblins (D:2)
  6 jackals
  2 quokkas
  6 bats
  4 frilled lizards
  2 hobgoblin zombies (Ossuary)
  7 kobolds
  3 kobold zombies (Ossuary)
  An orc zombie (Ossuary)
  6 rats
146 creatures vanquished.

Notes
Turn   | Place    | Note
-------+----------+-------------------------------------------
     0 | D:1      | KrisztiCat the Minotaur Berserker began the quest for the Orb.
     0 | D:1      | Reached XP level 1. HP: 19/19 MP: 0/0
   134 | D:1      | Reached XP level 2. HP: 24/27 MP: 1/1
   661 | D:2      | Reached XP level 3. HP: 30/33 MP: 2/2
   868 | D:2      | Reached ** piety under Trog
  1046 | D:2      | Found a hazy altar of Hepliaklqana.
  1202 | D:3      | Found a stormy altar of Qazlal.
  1312 | D:3      | Reached XP level 4. HP: 41/41 MP: 3/3
  1551 | D:3      | Reached skill level 1 in Maces & Flails
  1551 | D:3      | Reached XP level 5. HP: 47/47 MP: 4/4
  1612 | D:3      | Reached skill level 2 in Maces & Flails
  1627 | D:4      | Found a staircase to the Ecumenical Temple.
  1654 | D:3      | Noticed Ijyb
  1699 | D:3      | Killed Ijyb
  1908 | D:3      | Reached skill level 3 in Maces & Flails
  2018 | D:3      | Noticed Natasha
  2026 | D:3      | Killed Natasha
  2107 | D:4      | Reached skill level 4 in Maces & Flails
  2107 | D:4      | Reached XP level 6. HP: 42/55 MP: 5/5
  2181 | D:5      | Entered Level 5 of the Dungeon
  2184 | D:5      | Found a sand-covered staircase.
  2189 | Ossuary  | Entered an ossuary
  2231 | Ossuary  | Reached *** piety under Trog
  2298 | Ossuary  | Reached skill level 5 in Maces & Flails
  2460 | D:4      | Reached skill level 6 in Maces & Flails
  2765 | D:4      | Reached XP level 7. HP: 60/60 MP: 6/6
  2924 | D:4      | Found a glowing silver altar of Zin.
  3320 | D:5      | Reached skill level 7 in Maces & Flails
  3373 | D:5      | Reached skill level 8 in Maces & Flails
  3512 | D:5      | Found Rott's Antique Armour Boutique.
  3652 | D:5      | Found a white marble altar of Elyvilon.
  3749 | D:5      | Reached skill level 9 in Maces & Flails
  3752 | D:5      | Reached **** piety under Trog
  3752 | D:5      | Reached XP level 8. HP: 58/67 MP: 7/7
  3897 | D:6      | Found a shattered altar of Ashenzari.
  3944 | D:6      | Reached skill level 10 in Maces & Flails
  3976 | D:6      | Noticed Edmund
  3987 | D:6      | Killed Edmund
  4091 | D:7      | Noticed Prince Ribbit
  4104 | D:7      | Killed Prince Ribbit
  4104 | D:7      | Reached skill level 11 in Maces & Flails
  4261 | D:7      | Found a flagged portal.
  4278 | Bailey   | Entered a bailey
  4279 | Bailey   | Noticed an orc knight
  4285 | Bailey   | Slain by an orc warrior

Skill      XL: |  1  2  3  4  5  6  7  8 |
---------------+-------------------------+-----
Long Blades    | 4 |  4.6
Fighting       | 4 |  4.8
Armour         | 3 |  3.6
Dodging        | 3 |  3.2
Maces & Flails | 1 4 6 9 11 | 11.8

Action                   |  1- 3 |  4- 6 |  7- 9 || total
-------------------------+-------+-------+-------++-------
Melee: Falchion          |    59 |       |       ||    59
       Headbutt          |    18 |    36 |    28 ||    82
       Whip              |    31 |   207 |    26 ||   264
       Mace              |       |       |   138 ||   138
Invok: Berserk           |     1 |     2 |     3 ||     6
       Trog's Hand       |     1 |     2 |     1 ||     4
  Use: Scroll            |     5 |     5 |     6 ||    16
       Potion            |       |     1 |     1 ||     2
  Eat: Chunk             |     1 |     9 |     8 ||    18
Armor: Animal skin       |     7 |       |       ||     7
       Scale mail        |    26 |    76 |    66 ||   168
Dodge: Dodged            |    50 |    77 |    85 ||   212
       Rpst.: Falchion   |     7 |       |       ||     7
